 Dungeon Crawl Stone Soup version 0.24-a0-69-g55f8356 (webtiles) character file.

Game seed: 16827866872370109590

271033 Blackhawk the Warrior (level 19, 0/174 HPs)
             Began as a Demonspawn Fighter on Feb 6, 2019.
             Was the Champion of Okawaru.
             Killed from afar by a frost giant (32 damage)
             ... with a bolt of cold
             ... on level 2 of the Depths.
             The game lasted 01:56:48 (68415 turns).

Blackhawk the Warrior (Demonspawn Fighter)         Turns: 68415, Time: 01:56:49

Health: 0/174      AC: 32    Str: 25    XL:     19   Next: 44%
Magic:  0/22       EV: 13    Int:  6    God:    Okawaru [******]
Gold:   2639       SH: 15    Dex: 11    Spells: 18/18 levels left

rFire    + . .     SeeInvis +   a - +7 broad axe of Tynlyt {venom, +Inv rN+ Int-5}
rCold    . . .     Gourm    .   c - +1 shield
rNeg     + + .     Faith    .   z - +2 plate armour {rN+}
rPois    .         Spirit   +   M - +2 hat {SInv}
rElec    .         Reflect  .   i - scarf {Spirit}
rCorr    +         Harm     .   (gloves unavailable)
MR       ++...                  g - +1 pair of boots
Stlth    ..........             j - amulet of Utaoss {Acrobat MR+}
HPRegen  0.39/turn              T - +4 ring of strength
MPRegen  0.18/turn              O - +6 ring of protection

@: no status effects
A: claws 3, yellow scales 3, clumsy 1, demonic guardian 1, fire resistance 1,
robust 1, weak 1, flame cloud immunity
}: 2/15 runes: decaying, gossamer
a: Heroism, Finesse, Renounce Religion, Evoke Invisibility


You were on level 2 of the Depths.
You worshipped Okawaru.
Okawaru was exalted by your worship.
You were not hungry.

You visited 6 branches of the dungeon, and saw 33 of its levels.
You visited the Abyss 1 time.
You also visited: Ice Cave.

You collected 3104 gold pieces.
You spent 465 gold pieces at shops.

Inventory:

Hand Weapons
 a - the +7 broad axe of Tynlyt (weapon) {venom, +Inv rN+ Int-5}
   (Okawaru gifted it to you on level 5 of the Lair of Beasts)

   It poisons the flesh of those it strikes.
   It affects your intelligence (-5).
   It protects you from negative energy.
   It lets you turn invisible.
 b - a +4 scimitar of flaming
 e - the +9 hand axe of the Final Chapter {drain, Int+8}
   (Okawaru gifted it to you on level 1 of the Depths)

   A truly terrible weapon, it drains the life of those it strikes.
   It affects your intelligence (+8).
 t - a +7 broad axe of draining
 L - the +7 great mace "Firestarter" {inner flame, rF++}
   (You took it off a rakshasa on level 2 of the Depths)

   It has been specially enchanted to burn those struck by it, causing extra
   injury to most foes and up to half again as much damage against particularly
   susceptible opponents.
   It greatly protects you from fire.
Missiles
 v - 41 tomahawks (quivered)
 y - 3 throwing nets
Armour
 c - a +1 shield (worn)
 g - a +1 pair of boots (worn)
 i - a scarf of spirit shield (worn)
 z - a +2 plate armour of positive energy (worn)
 D - a scarf of resistance
 M - a +2 hat of see invisible (worn)
Jewellery
 j - the amulet of Utaoss (around neck) {Acrobat MR+}
   (You acquired it on level 14 of the Dungeon)

   [amulet of the acrobat]

   It helps you evade while moving and waiting.
   It affects your resistance to hostile enchantments.
 A - an uncursed ring of protection from cold
 O - a +6 ring of protection (right claw)
 T - a +4 ring of strength (left claw)
Wands
 x - a wand of digging (2)
 E - a wand of flame (57)
 F - a wand of iceblast (28)
 H - a wand of polymorph (19)
 N - a wand of disintegration (9)
 P - a wand of enslavement (16)
 X - a wand of paralysis (7)
Scrolls
 h - 10 scrolls of teleportation
 l - 22 scrolls of remove curse
 m - 7 scrolls of fear
 n - 4 scrolls of magic mapping
 r - 3 scrolls of blinking
 s - 2 scrolls of identify
 u - a scroll of fog
 R - 5 scrolls of amnesia
 U - 7 scrolls of enchant armour
 Z - a scroll of enchant weapon
Potions
 d - 4 potions of might
 o - 3 potions of ambrosia
 p - 2 potions of agility
 q - 13 potions of brilliance
 w - 4 potions of cancellation
 B - 6 potions of haste
 C - 3 potions of invisibility
 G - 2 potions of berserk rage
 I - 3 potions of magic
 K - 8 potions of lignification
 Q - 5 potions of flight
 V - 2 potions of curing
 W - 2 potions of heal wounds
 Y - 2 potions of resistance
Miscellaneous
 J - a phial of floods
Comestibles
 f - 45 rations


   Skills:
 + Level 16.8 Fighting
 + Level 15.6 Axes
 - Level 13.8 Armour
 - Level 14.4 Dodging
 * Level 14.2 Shields
 + Level 4.6 Invocations


You had 18 spell levels left.
You didn't know any spells.
Your spell library contained the following spells:

 Spells                   Type           Power        Failure   Level  Hunger
 Animate Skeleton         Necr           N/A          99%         1    ##.....
 Apportation              Tloc           #.....       99%         1    ##.....
 Beastly Appendage        Tmut           #.....       99%         1    ##.....
 Confusing Touch          Hex            #.....       99%         1    ##.....
 Infusion                 Chrm           #...         99%         1    ##.....
 Magic Dart               Conj           #...         99%         1    ##.....
 Summon Small Mammal      Summ           #...         99%         1    ##.....
 Blink                    Tloc           N/A          100%        2    ###....
 Call Imp                 Summ           #.......     100%        2    ###....
 Corpse Rot               Necr           N/A          100%        2    ###....
 Shroud of Golubria       Chrm/Tloc      #.........   100%        2    ###....
 Slow                     Hex            #.......     100%        2    ###....
 Song of Slaying          Chrm           #.......     100%        2    ###....
 Sticks to Snakes         Tmut           #.......     100%        2    ###....
 Sublimation of Blood     Necr           #.........   100%        2    ###....
 Call Canine Familiar     Summ           #.......     100%        3    ####...
 Confuse                  Hex            #.......     100%        3    ####...
 Conjure Flame            Conj/Fire      #.......     100%        3    ####...
 Gell's Gravitas          Tloc           #.........   100%        3    ####...
 Ignite Poison            Fire/Tmut/Pois #.......     100%        3    ####...
 Mephitic Cloud           Conj/Pois/Air  #.......     100%        3    ####...
 Portal Projectile        Hex/Tloc       #.....       100%        3    ####...
 Regeneration             Chrm/Necr      #.........   100%        3    ####...
 Spectral Weapon          Hex/Chrm       #.......     100%        3    ####...
 Spider Form              Tmut/Pois      #.........   100%        3    ####...
 Summon Guardian Golem    Hex/Summ       #.......     100%        3    ####...
 Cause Fear               Hex            #.........   100%        4    #####..
 Force Lance              Conj/Tloc      #.......     100%        4    #####..
 Ice Form                 Ice/Tmut       #.......     100%        4    #####..
 Petrify                  Tmut/Erth      #.......     100%        4    #####..
 Summon Ice Beast         Ice/Summ       #.......     100%        4    #####..
 Summon Lightning Spire   Summ/Air       #.......     100%        4    #####..
 Agony                    Necr           #.......     100%        5    ######.
 Alistair's Intoxication  Tmut/Pois      #.......     100%        5    ######.
 Blade Hands              Tmut           #.........   100%        5    ######.
 Bolt of Draining         Conj/Necr      #.........   100%        5    ######.
 Dispel Undead            Necr           #.......     100%        5    ######.
 Excruciating Wounds      Chrm/Necr      #.........   100%        5    ######.
 Metabolic Englaciation   Hex/Ice        #.........   100%        5    ######.
 Silence                  Hex/Air        #.........   100%        5    ######.
 Yara's Violent Unravell  Hex/Tmut       #.........   100%        5    ######.
 Bolt of Cold             Conj/Ice       #.........   100%        6    #######
 Deflect Missiles         Chrm/Air       #.........   100%        6    #######
 Dispersal                Tloc           #.........   100%        6    #######
 Freezing Cloud           Conj/Ice/Air   #.........   100%        6    #######
 Hydra Form               Tmut           #.........   100%        6    #######
 Ozocubu's Refrigeration  Ice            #.........   100%        6    #######
 Simulacrum               Ice/Necr       #.........   100%        6    #######
 Controlled Blink         Tloc           N/A          100%        8    #######
 Discord                  Hex            #.........   100%        8    #######
 Disjunction              Tloc           #.........   100%        8    #######


Dungeon Overview and Level Annotations

Branches:
Dungeon (15/15)              Lair (6/6) D:9           Swamp (4/4) Lair:2
 Spider (4/4) Lair:2        Slime (0/5) Lair:6          Orc (2/2) D:9
    Elf (0/3) Orc:2        Vaults (0/5) D:13         Depths (2/5) D:15
 Temple: D:4-7

Altars:
Ashenzari
Gozag
Nemelex Xobeh
Okawaru
Ru
Trog
Uskayaw
Wu Jian
Xom
Zin
Beogh

Shops:
Orc:2 [[(*   Depths:1 (   Depths:2 }

Portals:
Hell: Depths:1
Ziggurat: Depths:1

Annotations:
Lair:6 exclusion: oklob plant
Swamp:2 exclusion: Roxanne, Roxanne


Innate Abilities, Weirdness & Mutations

You have claws for hands.
You are completely covered in yellow scales. (AC +4, rCorr)
A weak demonic guardian rushes to your aid.
Your flesh is heat resistant. (rF+)
You are robust. (+10% HP)
You are immune to clouds of flame.
You are clumsy. (Dex -2)
You are weak. (Str -2)


Message History

The golden dragon tramples you but does no damage.
You hit the golden dragon but do no damage.
The golden dragon is almost dead.
The golden dragon breathes fire at you. The bolt of fire misses you.
Evoke which item? (* to show all) (? for menu, Esc to quit)
Aiming: Iceblast
Press: ? - help, Shift-Dir - straight line, f - ice dragon, p - golden dragon
Aim: an ice dragon (lightly wounded)
The mass of ice explodes!
The iceblast engulfs the golden dragon!
The golden dragon partially resists.
You kill the golden dragon!
Okawaru is honoured by your kill.
The iceblast engulfs the ice dragon.
The ice dragon partially resists.
The ice dragon is lightly wounded.
The ice dragon breathes frost at you.
The blast of cold hits you but does no damage.
The frost giant gestures at you while chanting.
The bolt of cold misses the ice dragon.
The bolt of cold hits you!!!
You die...

####.#######
#..#.# #.<..#
##...#
########(.#.#
............#
#######....##
#...## ##@## #.#
#.# #D# #C# # .#
#)# .# ⌠.. #(##
.## uD.#
#####(.##..###Cu#
##..##...##...uu#


You could see a frost giant and an ice dragon.

Vanquished Creatures
  A golden dragon (Depths:2)
  Nikola (D:15)
  Jorgrun (Swamp:1)
  A lich (Depths:1)
  A quicksilver dragon (Depths:2)
  A tengu reaver (D:15)
  A thorn hunter (Swamp:3)
  2 fire giants (Depths:1)
  8 emperor scorpions
  2 deep elf sorcerers (Depths:1)
  A frost giant (Depths:1)
  A ghost moth (Spider:3)
  5 entropy weavers
  2 very ugly things (D:15)
  5 vampire knights (Depths:1)
  A deep elf annihilator (Depths:2)
  3 ettins
  4 fire dragons
  A merfolk javelineer (Swamp:4)
  A blizzard demon (IceCv)
  4 great orbs of eyes
  5 rakshasas
  A merfolk avatar (Lair:6)
  18 hydras
  8 ice dragons
  A ghost crab (Swamp:2)
  3 spriggan air magi (Depths:1)
  4 shambling mangroves
  5 centaur warriors
  2 death knights
  13 alligators
  27 two-headed ogres
  9 ogre magi
  11 deep troll earth magi
  2 deep troll shamans (D:15)
  A vampire mage (Depths:1)
  4 spriggan berserkers
  2 tengu warriors (D:13)
  A skeletal warrior (D:15)
  3 unseen horrors
  6 deep trolls
  A spriggan druid (Swamp:2)
  2 sea snakes (Lair:6)
  A swamp dragon (shapeshifter) (D:15)
  A glowing orange brain (D:15)
  7 wizards (Depths:1)
  10 swamp dragons
  3 orc knights
  A harpy (Lair:6)
  9 orb spiders
  2 phantasmal warriors
  24 wolf spiders
  A necromancer (Depths:2)
  A manticore (D:14)
  10 cyclopes
  2 orc sorcerers
  8 deep elf magi
  29 ugly things
  Maurice (D:11)
  3 moths of wrath
  2 ice statues (IceCv)
  Joseph (D:10)
  13 elephants
  2 torpor snails
  9 black mambas
  A gargoyle (D:15)
  A spiny frog (shapeshifter) (D:15)
  5 rime drakes
  A redback zombie (D:15)
  2 komodo dragons (shapeshifter)
  20 spiny frogs
  3 kobold demonologists (D:15)
  10 komodo dragons
  7 demonic crawlers
  2 yaktaurs (shapeshifter)
  4 yaktaurs
  13 ice devils (IceCv)
  An efreet (D:15)
  A freezing wraith (D:13)
  A tengu conjurer (Depths:2)
  A meliai (shapeshifter) (D:15)
  2 merfolk (Swamp:4)
  13 trolls
  38 jumping spiders
  A harpy zombie (D:15)
  A wind drake (shapeshifter) (Depths:2)
  2 wind drakes (Lair:6)
  4 polar bears (Lair:6)
  23 blink frogs
  10 tyrant leeches
  Grinder (D:5)
  12 hornets
  31 slime creatures
  7 dream sheep (Lair:6)
  9 bog bodies
  5 hippogriffs
  5 spriggans
  4 shadows
  92 redbacks
  3 water elementals
  34 tarantellas
  A wyvern (D:14)
  2 vampires
  2 wraiths
  24 yaks
  2 basilisks
  3 hungry ghosts
  21 vampire mosquitoes
  5 wargs
  16 swamp worms
  3 acid dragons
  17 water moccasins
  29 insubstantial wisps
  25 orc warriors
  9 porcupines
  A hornet zombie (D:15)
  9 swamp drakes
  4 sky beasts
  A black bear (D:7)
  2 eyes of draining
  2 phantoms
  28 ogres
  3 ice beasts
  A necrophage (D:7)
  20 centaurs
  8 wolves
  11 crocodiles
  18 bullfrogs
  3 big kobolds
  3 scorpions
  7 killer bees
  3 wights (D:8)
  4 electric eels
  7 crimson imps
  6 howler monkeys
  A bullfrog zombie (D:11)
  An iron imp (D:11)
  4 centaur skeletons
  24 orc priests
  8 hounds
  3 jellies
  22 orc wizards
  2 bullfrog skeletons
  3 iguanas
  11 worker ants
  A hound zombie (D:6)
  2 hound skeletons
  A howler monkey zombie (D:6)
  A worker ant zombie (D:5)
  11 adders
  6 shadow imps
  6 white imps
  6 ufetubi (IceCv)
  An adder zombie (D:8)
  3 worms
  2 dart slugs
  3 leopard geckos
  109 orcs
  8 bats
  9 giant cockroaches
  8 goblins
  8 hobgoblins
  2 jackals (D:1)
  5 quokkas
  3 ball pythons
  4 frilled lizards
  18 kobolds
  A leopard gecko zombie (D:6)
  A quokka zombie (D:9)
  8 rats
  5 fungi
  3 plants
1300 creatures vanquished.

Vanquished Creatures (collateral kills)
  A titan (Swamp:4)
  3 hydras
  A shambling mangrove (Swamp:4)
  3 two-headed ogres
  Erica (Lair:2)
  An alligator (Swamp:4)
  A deep troll (Depths:1)
  3 orb spiders
  3 ugly things
  2 centaur zombies
  A centaur skeleton (D:9)
  A troll (D:12)
  5 blink frogs
  A redback (Spider:2)
  A wyvern (Lair:6)
  2 vampire mosquitoes
  2 water moccasins (Lair:6)
  Duvessa (D:5)
  An orc warrior (D:3)
  A phantom (D:10)
  4 ogres
  2 centaurs
  A wolf (Lair:2)
  A bullfrog (D:6)
  Dowan (D:6)
  A howler monkey (D:11)
  A quasit (D:6)
  2 orc wizards (D:3)
  3 adders
  7 orcs
  2 hobgoblins (D:3)
  A quokka (D:3)
  A bat (D:3)
  A kobold (D:15)
  A quokka skeleton (D:9)
64 creatures vanquished.

Vanquished Creatures (others)
  An ettin (D:15)
  A deep troll shaman (Depths:1)
  2 deep trolls (Depths:1)
  A spriggan druid (Swamp:4)
  A merfolk (Swamp:4)
  A white imp (IceCv)
  6 ufetubi (IceCv)
  4 fungi (Lair:6)
  7 plants (Lair:6)
24 creatures vanquished.

Grand Total: 1388 creatures vanquished

Notes
Turn   | Place    | Note
-------+----------+-------------------------------------------
     0 | D:1      | Blackhawk the Demonspawn Fighter began the quest for the
                  | Orb.
     0 | D:1      | Reached XP level 1. HP: 18/18 MP: 1/1
   369 | D:1      | Gained mutation: A weak demonic guardian rushes to your
                  | aid. [demonic ancestry]
   369 | D:1      | Reached XP level 2. HP: 21/24 MP: 2/2
  1002 | D:1      | Reached XP level 3. HP: 26/29 MP: 3/3
  2007 | D:2      | Found an iron altar of Okawaru.
  2119 | D:2      | Reached XP level 4. HP: 34/35 MP: 4/4
  2120 | D:2      | Became a worshipper of Warmaster Okawaru
  2986 | D:3      | Reached XP level 5. HP: 34/42 MP: 5/5
  3122 | D:3      | Noticed an orc warrior
  3355 | D:2      | Reached skill level 4 in Fighting
  4092 | D:3      | Found a sacrificial altar of Ru.
  4107 | D:3      | Reached * piety under Okawaru
  4107 | D:3      | Reached XP level 6. HP: 48/48 MP: 6/6
  4649 | D:3      | Killed an orc warrior
  5610 | D:4      | Found an ornate altar of the Wu Jian Council.
  5610 | D:4      | Found a sparkling altar of Nemelex Xobeh.
  5784 | D:4      | You fall through a shaft for 3 floors!
  5794 | D:7      | Reached ** piety under Okawaru
  5794 | D:7      | Gained mutation: You have sharp fingernails. [demonic
                  | ancestry]
  5794 | D:7      | Reached XP level 7. HP: 40/55 MP: 7/7
  6347 | D:6      | Reached skill level 5 in Fighting
  7103 | D:5      | Entered Level 5 of the Dungeon
  7103 | D:5      | Noticed Duvessa
  7103 | D:5      | Noticed Dowan
  7270 | D:5      | Killed Duvessa
  7270 | D:5      | Reached *** piety under Okawaru
  7270 | D:5      | Reached skill level 5 in Armour
  7270 | D:5      | Reached skill level 5 in Shields
  7270 | D:5      | Gained mutation: You are partially covered in yellow
                  | scales. (AC +2) [demonic ancestry]
  7270 | D:5      | Reached XP level 8. HP: 58/63 MP: 8/8
  7299 | D:6      | Killed Dowan
  7855 | D:5      | Noticed Grinder
  8308 | D:5      | Killed Grinder
  8308 | D:5      | Reached skill level 6 in Fighting
  8308 | D:5      | Reached skill level 5 in Axes
  9642 | D:7      | Reached XP level 9. HP: 69/71 MP: 9/9
  9775 | D:7      | Reached **** piety under Okawaru
 10667 | D:8      | Found a glowing silver altar of Zin.
 10859 | D:8      | Reached skill level 7 in Fighting
 10992 | D:8      | Noticed a two-headed ogre
 11006 | D:8      | Killed a two-headed ogre
 11361 | D:8      | Found a roughly hewn altar of Beogh.
 11671 | D:9      | Found a shimmering altar of Xom.
 11731 | D:9      | Found a staircase to the Lair.
 11737 | D:9      | Noticed a two-headed ogre
 11738 | D:9      | Reached XP level 10. HP: 64/79 MP: 10/10
 11743 | D:9      | Reached skill level 1 in Dodging
 11754 | D:9      | Killed a two-headed ogre
 11754 | D:9      | Reached skill level 8 in Fighting
 11810 | D:9      | Reached ***** piety under Okawaru
 12470 | D:9      | Found an opulent altar of Gozag.
 12470 | D:9      | Found a hide-covered altar of Uskayaw.
 12623 | D:9      | Found a staircase to the Orcish Mines.
 13032 | D:10     | Entered Level 10 of the Dungeon
 13075 | D:10     | Noticed a two-headed ogre
 13084 | D:10     | Killed a two-headed ogre
 13572 | D:10     | Noticed Joseph
 13586 | D:10     | Killed Joseph
 13586 | D:10     | Reached skill level 9 in Fighting
 13833 | D:11     | Found a bloodstained altar of Trog.
 13968 | D:11     | Noticed Maurice
 13983 | D:11     | Paralysed by Maurice for 3 turns
 13992 | D:11     | Paralysed by something for 2 turns
 13999 | D:11     | Killed Maurice
 13999 | D:11     | Gained mutation: You have very sharp fingernails. [demonic
                  | ancestry]
 13999 | D:11     | Reached XP level 11. HP: 88/88 MP: 11/11
 14025 | D:11     | Noticed a deep elf mage
 14061 | D:11     | Killed a deep elf mage
 14198 | D:11     | Noticed a deep elf mage
 14210 | D:11     | Noticed a two-headed ogre
 14757 | D:11     | Noticed a two-headed ogre
 14765 | D:11     | Killed a two-headed ogre
 14765 | D:11     | Received a gift from Okawaru
 14815 | D:11     | Reached skill level 5 in Dodging
 14886 | D:11     | Killed a deep elf mage
 15378 | D:11     | Killed a two-headed ogre
 16073 | D:12     | Reached skill level 10 in Fighting
 16083 | D:12     | Reached ****** piety under Okawaru
 16260 | D:12     | Received a gift from Okawaru
 16537 | D:12     | Found a sparkling altar of Nemelex Xobeh.
 16556 | D:12     | Noticed a two-headed ogre
 16564 | D:12     | Killed a two-headed ogre
 16678 | D:12     | Gained mutation: Your flesh is heat resistant. (rF+)
                  | [demonic ancestry]
 16678 | D:12     | Reached XP level 12. HP: 48/98 MP: 12/12
 17268 | D:13     | Got a translucent ring mail
 17278 | D:13     | Identified the +2 ring mail of Dyspraxia {MP+9} (You found
                  | it on level 13 of the Dungeon)
 17397 | D:13     | Noticed a tengu warrior
 17423 | D:13     | Killed a tengu warrior
 17464 | D:13     | Noticed a tengu warrior
 17543 | D:13     | Killed a tengu warrior
 17559 | D:13     | Received a gift from Okawaru
 17683 | D:13     | Noticed a two-headed ogre
 17691 | D:13     | Killed a two-headed ogre
 17793 | D:13     | Reached skill level 10 in Armour
 17815 | D:13     | Noticed a rakshasa
 17829 | D:13     | Killed a rakshasa
 17936 | D:13     | Noticed a two-headed ogre
 17937 | D:13     | Noticed a two-headed ogre
 17942 | D:13     | Noticed a death knight
 17946 | D:13     | Killed a two-headed ogre
 17946 | D:13     | Reached skill level 10 in Axes
 17946 | D:13     | Reached skill level 11 in Fighting
 18370 | D:13     | Killed a death knight
 18385 | D:13     | Killed a two-headed ogre
 18647 | D:13     | Found a gate to the Vaults.
 18785 | D:13     | Identified the +6 chain mail of Dramatic Exits {*Slow rElec
                  | rN+}
 18833 | D:13     | Noticed a seven-headed hydra
 18844 | D:13     | Killed a seven-headed hydra
 19536 | D:14     | Received a gift from Okawaru
 19575 | D:14     | Identified a scroll of acquirement
 19581 | D:14     | Got a clouded lead amulet
 19582 | D:14     | Identified the amulet of Utaoss {Acrobat MR+} (You acquired
                  | it on level 14 of the Dungeon)
 19770 | D:14     | Noticed a centaur warrior
 19796 | D:14     | Killed a centaur warrior
 19796 | D:14     | Reached XP level 13. HP: 58/106 MP: 11/13
 21335 | Lair:1   | Entered Level 1 of the Lair of Beasts
 21551 | Lair:1   | Reached skill level 12 in Fighting
 22793 | Lair:2   | Noticed Erica
 22795 | Lair:2   | Found a hole to the Spider Nest.
 22804 | Lair:2   | Killed Erica
 23400 | Lair:2   | Received a gift from Okawaru
 23482 | Lair:2   | Found a staircase to the Swamp.
 24395 | Lair:2   | Received a gift from Okawaru
 25630 | Lair:4   | Gained mutation: You are immune to clouds of flame.
                  | [demonic ancestry]
 25630 | Lair:4   | Reached XP level 14. HP: 91/116 MP: 14/14
 26468 | Lair:5   | Received a gift from Okawaru
 26483 | Lair:5   | Got a shimmering broad axe {god gift}
 26726 | Lair:4   | Identified the +7 broad axe of Tynlyt {venom, +Inv rN+
                  | Int-5} (Okawaru gifted it to you on level 5 of the Lair of
                  | Beasts)
 27089 | Lair:5   | You fall through a shaft!
 27089 | Lair:6   | Entered Level 6 of the Lair of Beasts
 27488 | Lair:5   | Reached skill level 10 in Dodging
 28384 | Lair:6   | Reached skill level 13 in Fighting
 28504 | Lair:6   | Got a spiked chain mail
 28524 | Lair:6   | Identified the +0 chain mail of New Discoveries {rC+ rN++
                  | MR-} (You found it on level 6 of the Lair of Beasts)
 28965 | Lair:6   | Received a gift from Okawaru
 30580 | Lair:6   | Found a staircase to the Slime Pits.
 31525 | Orc:1    | Entered Level 1 of the Orcish Mines
 31531 | Orc:1    | Received a gift from Okawaru
 31544 | Orc:1    | Got an ichor-stained ring mail {god gift}
 32265 | Orc:2    | Entered Level 2 of the Orcish Mines
 32420 | Orc:2    | Gained mutation: You are mostly covered in yellow scales.
                  | (AC +3) [demonic ancestry]
 32420 | Orc:2    | Reached XP level 15. HP: 67/124 MP: 15/15
 32648 | Orc:2    | Found Bedgh's Antique Armour Shoppe.
 33412 | Orc:2    | Found Vytsoss's Armour Shop.
 33430 | Orc:2    | Found Latakun's Antique Weapon Emporium.
 33431 | Orc:2    | Found Ziell's Assorted Antiques.
 34238 | Orc:1    | Received a gift from Okawaru
 34239 | Orc:1    | Found a roughly hewn altar of Beogh.
 34282 | Orc:1    | Found a shimmering altar of Xom.
 34801 | Orc:2    | Found a staircase to the Elven Halls.
 36038 | D:15     | Entered Level 15 of the Dungeon
 36047 | D:15     | Reached skill level 14 in Fighting
 36944 | D:15     | Gained mutation: You are clumsy. (Dex -2) [a neqoxec]
 36950 | D:15     | Gained mutation: You are weak. (Str -2) [a neqoxec]
 37756 | D:15     | Received a gift from Okawaru
 37888 | D:15     | Found a staircase to the Depths.
 37891 | D:15     | Paralysed by a floating eye for 4 turns
 38285 | Swamp:1  | Entered Level 1 of the Swamp
 38835 | Swamp:1  | Noticed Jorgrun
 38853 | Swamp:1  | Killed Jorgrun
 38853 | Swamp:1  | Reached XP level 16. HP: 134/134 MP: 16/16
 39000 | Swamp:1  | Received a gift from Okawaru
 39784 | Swamp:1  | Paralysed by a hornet for 1 turns
 40792 | Swamp:2  | Noticed Roxanne
 41240 | Swamp:3  | Identified the +2 ring mail of Xuponiug {Int+4} (Okawaru
                  | gifted it to you on level 1 of the Orcish Mines)
 43694 | Swamp:3  | Noticed a thorn hunter
 43714 | Swamp:3  | Killed a thorn hunter
 44043 | Swamp:4  | Entered Level 4 of the Swamp
 45893 | Swamp:4  | Reached skill level 15 in Fighting
 46259 | Swamp:4  | HP: 6/136 [poisoned by a swamp dragon (poison gas)]
 46267 | Swamp:4  | HP: 6/136 [poisoned by a swamp dragon (poison gas)]
 46273 | Swamp:4  | HP: 6/136 [poisoned by a swamp dragon (poison gas)]
 46698 | Swamp:4  | Received a gift from Okawaru
 47384 | Swamp:4  | Was placed under penance by Okawaru
 47976 | Swamp:4  | Noticed a titan
 48443 | Swamp:3  | Was forgiven by Okawaru
 49788 | Swamp:4  | Killed a titan
 49956 | Swamp:3  | Gained mutation: You are robust. (+10% HP) [demonic
                  | ancestry]
 49956 | Swamp:3  | Reached XP level 17. HP: 39/156 MP: 8/17
 50439 | Swamp:4  | Got a decaying rune of Zot
 50875 | Orc:2    | Bought a pair of glowing boots for 217 gold pieces
 50884 | Orc:2    | Got an ichor-stained buckler
 50895 | Orc:2    | Identified the -3 buckler of Imperfection {rElec rF- rCorr
                  | Stlth+} (You acquired it on level 2 of the Orcish Mines)
 50914 | Orc:2    | Bought a potion of curing for 93 gold pieces
 50914 | Orc:2    | Bought a potion of heal wounds for 155 gold pieces
 51084 | Spider:1 | Entered Level 1 of the Spider Nest
 51516 | Spider:1 | Reached skill level 10 in Shields
 51675 | Spider:1 | Found a frozen archway.
 51703 | IceCv    | Entered an ice cave
 51924 | IceCv    | Received a gift from Okawaru
 52558 | IceCv    | Got a pair of shimmering gloves
 52564 | IceCv    | Identified the -5 pair of gloves of the Dungeon {rPois rF+}
                  | (You acquired it in an ice cave)
 56090 | Spider:3 | Received a gift from Okawaru
 56106 | Spider:3 | Identified the +1 scale mail of the Blessed Realm {Str+4}
                  | (Okawaru gifted it to you on level 3 of the Spider Nest)
 56386 | Spider:4 | Entered Level 4 of the Spider Nest
 58149 | Spider:4 | Gained mutation: You have claws for hands. [demonic
                  | ancestry]
 58149 | Spider:4 | Reached XP level 18. HP: 166/166 MP: 18/18
 59206 | Spider:4 | Reached skill level 16 in Fighting
 60278 | Spider:4 | Got a gossamer rune of Zot
 60649 | Depths:1 | Entered Level 1 of the Depths
 60955 | D:15     | Received a gift from Okawaru
 61457 | Depths:1 | Paralysed by a great orb of eyes for 2 turns
 61615 | Depths:1 | Found a gateway to Hell.
 62052 | Depths:1 | Noticed Nikola
 62200 | D:15     | Reached skill level 15 in Axes
 62285 | D:15     | Killed Nikola
 64406 | Depths:1 | Found a gateway to a ziggurat.
 64442 | Depths:1 | Found Kyrr's Antique Weapon Shop.
 64532 | Depths:1 | Found a shattered altar of Ashenzari.
 64705 | Depths:1 | Received a gift from Okawaru
 64708 | Depths:1 | Got a pitted hand axe {god gift}
 64709 | Depths:1 | Identified the +9 hand axe of the Final Chapter {drain,
                  | Int+8} (Okawaru gifted it to you on level 1 of the Depths)
 64814 | Depths:2 | Paralysed by a great orb of eyes for 5 turns
 64902 | Depths:2 | Noticed a lich
 65501 | Depths:1 | Gained mutation: You are completely covered in yellow
                  | scales. (AC +4, rCorr) [demonic ancestry]
 65501 | Depths:1 | Reached XP level 19. HP: 158/174 MP: 11/19
 65834 | Depths:1 | Paralysed by an ogre mage for 6 turns
 65836 | Depths:1 | Reached skill level 1 in Invocations
 66503 | Depths:1 | Cast into level 4 of the Abyss (a lich)
 66522 | Depths:1 | Escaped the Abyss
 66921 | Depths:2 | Received a gift from Okawaru
 67133 | Depths:2 | Identified the Compendium of Shape Shifting
 67437 | Depths:2 | Found Plog's Gadget Boutique.
 68388 | Depths:2 | Noticed a golden dragon
 68415 | Depths:2 | Killed a golden dragon
 68415 | Depths:2 | Killed from afar by a frost giant

Vault maps used:
D:1:      elethiomel_arrival_maze, layout_basic
D:2:      layout_rooms, serial_forest, infiniplex_forest_clump_diagonal,
          infiniplex_forest_pool, infiniplex_forest_straight_3,
          infiniplex_forest_corner_2, infiniplex_forest_lined_room_3,
          infiniplex_forest_clump_curved, infiniplex_forest_straight_1,
          infiniplex_forest_lined_corner, okawaru_ov_weapons_minmay
D:3:      layout_rooms, nicolae_ru_great_annihilating_truth, first_ration
D:4:      layout_loops_ring, gammafunk_temple_overflow_statue,
          serial_park_tiny_1, chequers_serial_rivers_small_3
D:5:      layout_cave_pools, minmay_increasing_density, uniq_grinder,
          uniq_duvessa
D:6:      layout_basic, minmay_temple_entry_from_below_a, serial_glass,
          glass_columns_a, glass_columns_b
D:7:      layout_layer_cave, grunt_ogre_cave
D:8:      layout_rooms, lemuel_crystal_altar, special_room [special_room_orc]
D:9:      layout_long_grid, gammafunk_temple_overflow_wave, erik_lair_island,
          david_orc_1_choice, brannock_xom_greatest_gift
D:10:     layout_rooms, uniq_joseph
D:11:     layout_grid_maze, basic_altar, hangedman_minor_magic, uniq_maurice
D:12:     layout_roguey, nemelex_altar_shiori
D:13:     layout_long_grid, david_vaults_1
D:14:     layout_layer_cave, st_stairs_1
D:15:     gammafunk_enter_depths_forms, layout_rooms,
          chequers_serial_rivers_micro_a
Lair:1:   layout_cave_pods, lemuel_fruit_fields, serial_bayou_shore_b,
          lemuel_fruit_tree, infiniplex_staircase_pool_2, lemuel_fruit_fields
Lair:2:   layout_gridlike, minmay_swamp_entry_swarm, spider_nest_entry_a,
          minivault_24, uniq_erica
Lair:3:   layout_gridlike
Lair:4:   layout_regular_city, grunt_megastairs_1, serial_bayou_shore_b
Lair:5:   layout_cave_pods
Lair:6:   gammafunk_lair_ancient_temple, layout_cave_pods, slime_dummy,
          enter_volcano_1
Swamp:1:  layout_falls_marsh, hangedman_swamp_ruin_hall, uniq_jorgrun
Swamp:2:  layout_falls_marsh, hangedman_swamp_ruin_wall,
          statue_in_the_mist_lemuel, swamp_pool1, uniq_roxanne
Swamp:3:  layout_falls_marsh, evilmike_swamp_ruin_house_3, swamp_pool1
Swamp:4:  swamp, layout_basic_swamp, nicolae_swamp_treefoil
Spider:1: layout_chambers, portal_ice_cave_entry_dragon, drop_trap
Spider:2: layout_spider_delve
Spider:3: layout_spider_delve
Spider:4: grunt_spider_rune_circles
Orc:1:    nicolae_orc_accident_2, layout_caves, basic_altar
Orc:2:    st_orc_open, layout_caves
Depths:1: layout_cave_pools, enter_ziggurat_a, minmay_misc_feat_rows,
          hell_entry, serial_shops, shop, evilmike_ruin_ashenzari, uniq_nikola
Depths:2: minmay_the_grid_octo_tiled_squarecenter_mashed
          [minmay_the_grid_octo_77, minmay_the_grid_octo_vomiting_pacman,
          minmay_the_grid_octo_teeth, minmay_the_grid_octo_shrine,
          minmay_the_grid_square_5x5_megaprize_diamond,
          minmay_the_grid_square_5x5_three_small,
          minmay_the_grid_square_5x5_inverted_slash,
          minmay_the_grid_square_5x5_fancy_junction,
          minmay_the_grid_square_5x5_half_checkered], layout_cave_pools,
          infiniplex_staircase_zigzag_5, special_room
          [special_room_magic_class], serial_shops, nicolae_shop_crystal,
          hell_entry, corexii_corridor_pit
Abyss:4:  nicolae_abyss_rune_star_stuff, evilmike_abyss_exit_11
IceCv:    ice_cave_small_demon

Skill      XL: |  1  2  3  4  5  6  7  8  9 10 11 12 13 14 15 16 17 18 19 |
---------------+----------------------------------------------------------+-----
Axes           | 2 3 4 5 6 8 9 10 11 12 13 14 15 | 15.6
Armour         | 3 4 5 6 7 8 9 10 11 12 13 | 13.8
Shields        | 3 4 5 7 8 9 11 13 14 | 14.2
Fighting       | 4 5 6 7 9 10 11 12 13 14 15 16 | 16.8
Dodging        | 4 6 8 9 10 12 13 14 | 14.4
Invocations    | 4 |  4.6

Action                   |  1- 3 |  4- 6 |  7- 9 | 10-12 | 13-15 | 16-18 | 19-21 || total
-------------------------+-------+-------+-------+-------+-------+-------+-------++-------
Melee: War axe           |   134 |   203 |   232 |       |       |       |       ||   569
       Hand axe          |       |       |   160 |   731 |   541 |       |       ||  1432
       Whip              |       |       |       |    12 |    31 |       |       ||    43
       Scimitar          |       |       |       |       |    41 |    73 |       ||   114
       Broad axe         |       |       |       |       |   874 |  1902 |   302 ||  3078
Throw: Stone             |       |     2 |       |       |       |       |       ||     2
Invok: Heroism           |       |       |     6 |    16 |     4 |    13 |     2 ||    41
       Finesse           |       |       |       |       |       |     2 |       ||     2
Evoke: Wand              |       |       |       |     9 |       |     1 |     1 ||    11
       Box of beasts     |       |       |       |       |     1 |       |       ||     1
       Phial of floods   |       |       |       |       |       |     1 |       ||     1
       Sack of spiders   |       |       |       |       |       |     1 |       ||     1
       Phantom mirror    |       |       |       |       |       |       |     1 ||     1
  Use: Potion            |     1 |       |     1 |     1 |     5 |     9 |       ||    17
       Scroll            |       |     1 |    18 |    13 |    11 |    19 |     2 ||    64
 Stab: Paralysed         |       |     1 |       |       |       |       |       ||     1
       Distracted        |       |       |     1 |     4 |    10 |    12 |     1 ||    28
  Eat: Chunk             |     3 |    13 |    16 |    23 |    55 |    42 |    10 ||   162
       Ration            |       |       |     1 |     2 |     2 |    13 |       ||    18
Armor: Scale mail        |    69 |   107 |       |       |       |       |       ||   176
       Chain mail        |       |    15 |    73 |     5 |   644 |   482 |       ||  1219
       Plate armour      |       |       |   132 |   290 |       |   265 |   145 ||   832
       Swamp dragon scal |       |       |       |       |       |   533 |       ||   533
       Ice dragon scales |       |       |       |       |       |    60 |       ||    60
Dodge: Dodged            |    38 |    63 |    58 |   161 |   713 |  1499 |   134 ||  2666
Block: Shield            |    68 |   141 |   184 |   366 |   953 |  1616 |   192 ||  3520
       Rpst.: Scimitar   |       |       |       |       |    18 |    16 |       ||    34

Table legend:
 A = Non-vault XP
 B = Vault XP
 C = Vault XP percentage of total XP
 D = Non-vault monster count
 E = Vault monster count
 F = Vault count percentage of total count
                 A         B        C        D         E       F
            +---------+---------+-------+---------+---------+-------
      Total |  293761 |  126322 |  30.1 |    1059 |     289 |  21.4
            +---------+---------+-------+---------+---------+-------
        D:1 |      44 |       0 |   0.0 |      24 |       0 |   0.0
        D:2 |     250 |       0 |   0.0 |      32 |       0 |   0.0
        D:3 |     239 |      31 |  11.5 |      30 |       4 |  11.8
        D:4 |     145 |       0 |   0.0 |       8 |       0 |   0.0
        D:5 |     126 |     697 |  84.7 |       8 |       6 |  42.9
        D:6 |     963 |      47 |   4.7 |      31 |       1 |   3.1
        D:7 |     511 |     127 |  19.9 |       7 |       1 |  12.5
        D:8 |    1578 |     361 |  18.6 |      24 |      25 |  51.0
        D:9 |    2690 |    1090 |  28.8 |      28 |      15 |  34.9
       D:10 |    1525 |     371 |  19.6 |      20 |       1 |   4.8
       D:11 |    4534 |    1775 |  28.1 |      38 |      18 |  32.1
       D:12 |    5678 |       0 |   0.0 |      33 |       0 |   0.0
       D:13 |   13462 |    1964 |  12.7 |      39 |       3 |   7.1
       D:14 |   15259 |     455 |   2.9 |      44 |       3 |   6.4
       D:15 |   38473 |    6562 |  14.6 |      83 |       8 |   8.8
     Lair:1 |    6101 |       0 |   0.0 |      21 |       0 |   0.0
     Lair:2 |    6712 |    1989 |  22.9 |      35 |       7 |  16.7
     Lair:3 |    1376 |       0 |   0.0 |       6 |       0 |   0.0
     Lair:4 |    5630 |     109 |   1.9 |      21 |       1 |   4.5
     Lair:5 |    9523 |       0 |   0.0 |      32 |       0 |   0.0
     Lair:6 |    8767 |   10060 |  53.4 |      31 |      28 |  47.5
    Swamp:1 |   11374 |    2980 |  20.8 |      38 |       1 |   2.6
    Swamp:2 |   17398 |       0 |   0.0 |      38 |       0 |   0.0
    Swamp:3 |   10867 |    6109 |  36.0 |      18 |       7 |  28.0
    Swamp:4 |   10483 |    8716 |  45.4 |      44 |      16 |  26.7
   Spider:1 |   14904 |     949 |   6.0 |      37 |       1 |   2.6
   Spider:2 |   22101 |       0 |   0.0 |      63 |       0 |   0.0
   Spider:3 |   10286 |    3235 |  23.9 |      32 |       2 |   5.9
   Spider:4 |   16833 |   18004 |  51.7 |      57 |      37 |  39.4
      Orc:1 |    3478 |    2816 |  44.7 |      34 |       9 |  20.9
      Orc:2 |    5699 |   12560 |  68.8 |      36 |      33 |  47.8
   Depths:1 |   33772 |   25948 |  43.4 |      42 |      24 |  36.4
   Depths:2 |   12980 |   13066 |  50.2 |      25 |      11 |  30.6
      IceCv |       0 |    6301 | 100.0 |       0 |      27 | 100.0
            +---------+---------+-------+---------+---------+-------
